AoeStats
← bl4de

Hideout

507096107Analyzed
1v1 RM · 16d ago on Sep 16, 2026· 20m 16s· 2 players
Game mode
Random Map
Map size
Tiny (2 player)
Population
200
Speed
Normal
Resources
Standard
Victory
Conquest
Starting age
Dark Age
Ending age
Imperial Age
RankedLock teamsTeams togetherTeam positionsShared explorationLock speedFull tech treeHidden civsTurbo modeCheats
Victory
Defeat
🇦🇷 Armenians · Argentina
1626
+13
🇩🇪 Mongols · Germany
1558
-13
bl4de
7:04 Loom
11:21 Feudal Age
15:15 Castle Age
13:40 Double-Bit Axe
14:14 Horse Collar
16:27 Bow Saw
Joseguizada4654
9:32 Feudal Age
9:05 Loom
13:15 Castle Age
11:39 Double-Bit Axe
16:11 Sanctity
17:40 Town Watch
18:13 Redemption
Connection lost

Rejoining the realm…

Still unreachable

The connection could not be restored.

Session expired

The server has moved on; the page needs a fresh start.